 Dungeon Crawl Stone Soup version 0.22.1-2-g9c5b331383 (webtiles) character file.

394 Jerry the Skirmisher (level 6, -7/50 HPs)
             Began as a Demonspawn Fighter on Dec 22, 2018.
             Mangled by an orc warrior
             ... wielding a +0 halberd
              (12 damage)
             ... on level 5 of the Dungeon.
             The game lasted 00:07:35 (2578 turns).

Jerry the Skirmisher (Demonspawn Fighter)           Turns: 2578, Time: 00:07:36

Health: -7/50      AC:  8    Str: 22    XL:     6   Next: 52%
Magic:  6/6        EV: 11    Int: 10    God:
Gold:   153        SH:  0    Dex: 12    Spells: 5/5 levels left

rFire    . . .     SeeInvis .   j - +0 whip
rCold    . . .     Gourm    .   (no shield)
rNeg     + . .     Faith    .   b - +0 scale mail
rPois    .         Spirit   .   (helmet restricted)
rElec    .         Reflect  .   (no cloak)
rCorr    .         Harm     .   (no gloves)
MR       .....                  q - +0 pair of boots
Stlth    ..........             (no amulet)
HPRegen  0.16/turn              m - +4 ring of strength
MPRegen  0.10/turn              r - ring of positive energy

@: no status effects
A: horns 1, repulsion field 1, powered by death 1, spiny 1
a: no special abilities


You were on level 5 of the Dungeon.
You were hungry.

You visited 1 branch of the dungeon, and saw 6 of its levels.

You collected 153 gold pieces.

Inventory:

Hand Weapons
 a - a +0 flail
 j - a +0 whip (weapon)
Armour
 b - a +0 scale mail (worn)
 c - a +0 shield
 q - a +0 pair of boots (worn)
Jewellery
 m - a +4 ring of strength (left hand)
 r - a ring of positive energy (right hand)
Wands
 p - a wand of acid (8)
Scrolls
 e - a scroll of amnesia {unknown}
 h - 2 scrolls of identify {unknown}
 i - 2 scrolls of blinking {unknown}
 k - 5 scrolls of remove curse {unknown}
 l - a scroll of immolation {unknown}
 n - a scroll of fear {unknown}
 o - a scroll of teleportation {unknown}
Potions
 d - 2 potions of mutation {unknown}
 s - a potion of flight {unknown}
 t - a potion of might
Comestibles
 f - 7 rations


   Skills:
 + Level 4.8 Fighting
 + Level 3.9 Maces & Flails
 + Level 4.4 Armour
 - Level 2.6 Shields


You had 5 spell levels left.
You didn't know any spells.
Your spell library contained the following spells:

 Spells                   Type           Power        Failure   Level  Hunger
 Confusing Touch          Hex            #.....       67%         1    ##.....
 Confuse                  Hex            #.......     96%         3    ####...
 Gell's Gravitas          Tloc           #.........   96%         3    ####...
 Petrify                  Tmut/Erth      #.......     100%        4    #####..
 Metabolic Englaciation   Hex/Ice        #.........   100%        5    ######.
 Yara's Violent Unravell  Hex/Tmut       #.........   100%        5    ######.


Dungeon Overview and Level Annotations

Branches:
Dungeon (6/15)
 Temple: D:4-7

Altars:
Trog


Innate Abilities, Weirdness & Mutations

You have a pair of small horns on your head.
You are surrounded by a mild repulsion field. (EV +2)
You regenerate a little health from kills.
You are partially covered in sharp spines.


Message History

You barely miss the orc warrior. Your headbutt misses the orc warrior.
The orc warrior is heavily wounded.
The orc warrior misses you. The orc wizard hits you with a dagger.
You closely miss the orc wizard.
The orc wizard is moderately wounded.
The orc warrior is struck by your spines.
The orc warrior hits you with a halberd.
You hit the orc warrior. Your headbutt misses the orc warrior.
The orc warrior is heavily wounded.
You feel less confused. The orc wizard barely misses you.
The orc warrior hits you with a halberd!
* * * LOW HITPOINT WARNING * * *
You hit the orc warrior.
The orc warrior is severely wounded.
The orc wizard misses you.
You hit the orc warrior but do no damage.
The orc warrior is severely wounded.
The orc warrior hits you with a halberd!
You die...

..............#
..............# .#
..............# .#
..............# .#
..............###.#
..................#
..............##..#
..............#..o#.#
...............o@...#
.............%#######
.................
..............##.#
..............# #
..../........#
?...........#
...######


You could see an orc warrior and an orc wizard.

Vanquished Creatures
  Sigmund (D:2)
  An orc priest (D:3)
  Ijyb (D:3)
  Terence (D:2)
  4 adders
  2 oozes
  2 worms (D:3)
  4 dart slugs
  2 leopard geckos
  5 orcs
  3 giant cockroaches
  13 goblins
  11 hobgoblins
  14 jackals
  A quokka (D:3)
  3 ball pythons
  10 bats
  5 frilled lizards
  5 kobolds
  6 rats
94 creatures vanquished.

Vanquished Creatures (others)
  A wizard (D:3)
1 creature vanquished.

Grand Total: 95 creatures vanquished

Notes
Turn   | Place    | Note
-------+----------+-------------------------------------------
     0 | D:1      | Jerry the Demonspawn Fighter began the quest for the Orb.
     0 | D:1      | Reached XP level 1. HP: 18/18 MP: 1/1
   270 | D:1      | Gained mutation: You regenerate a little health from kills.
                  | [demonic ancestry]
   270 | D:1      | Reached XP level 2. HP: 21/24 MP: 2/2
   677 | D:1      | Gained mutation: You have a pair of small horns on your
                  | head. [demonic ancestry]
   677 | D:1      | Reached XP level 3. HP: 29/29 MP: 3/3
   818 | D:2      | Noticed Sigmund
   825 | D:2      | Killed Sigmund
   825 | D:2      | Gained mutation: You are surrounded by a mild repulsion
                  | field. (EV +2) [demonic ancestry]
   825 | D:2      | Reached XP level 4. HP: 34/37 MP: 4/4
   825 | D:2      | Reached XP level 5. HP: 39/42 MP: 5/5
   912 | D:2      | Noticed Terence
   922 | D:2      | Killed Terence
  1426 | D:3      | Gained mutation: You are partially covered in sharp spines.
                  | [demonic ancestry]
  1426 | D:3      | Reached XP level 6. HP: 43/49 MP: 6/6
  1623 | D:3      | Found a bloodstained altar of Trog.
  1625 | D:3      | Noticed a wizard
  1628 | D:3      | Killed a wizard
  1759 | D:3      | Noticed Ijyb
  1810 | D:3      | Killed Ijyb
  2345 | D:5      | Entered Level 5 of the Dungeon
  2345 | D:5      | Noticed an orc warrior
  2578 | D:5      | Mangled by an orc warrior

Skill      XL: |  1  2  3  4  5 |
---------------+----------------+-----
Maces & Flails | 2 3 |  3.9
Armour         | 3 4 |  4.4
Fighting       | 4 |  4.8
Shields        | |  2.6

Action                   |  1- 3 |  4- 6 || total
-------------------------+-------+-------++-------
Melee: Flail             |    91 |       ||    91
       Headbutt          |     5 |    34 ||    39
       Whip              |     3 |   199 ||   202
  Use: Potion            |     1 |       ||     1
  Eat: Chunk             |       |     5 ||     5
Armor: Scale mail        |    61 |    70 ||   131
Dodge: Dodged            |    69 |    92 ||   161
